 Dungeon Crawl Stone Soup version 0.28-a0-297-g99b01970c5 (webtiles) character file.

Game seed: 3534961819851612537

12 McIrco the Chopper (level 2, -7/24 HPs)
             Began as a Human Cinder Acolyte on Aug 29, 2021.
             Was a High Priest of Ignis.
             Mangled by a kobold (12 damage)
             ... on level 2 of the Dungeon.
             The game lasted 00:00:43 (800 turns).

McIrco the Chopper (Human Cinder Acolyte)            Turns: 800, Time: 00:00:43

Health: -7/24      AC:  4    Str: 15    XL:     2   Next: 45%
Magic:  3/3        EV: 11    Int: 13    God:    Ignis [*****.]
Gold:   13         SH:  0    Dex:  8    Spells: 2/3 levels left

rFire   + . .      SeeInvis .   a - -1 hand axe (flame)
rCold   . . .      Faith    .   (no shield)
rNeg    . . .      Spirit   .   e - +0 leather armour
rPois   .          Reflect  .   g - +0 helmet
rElec   .          Harm     .   (no cloak)
rCorr   +          Rampage  .   (no gloves)
Will    .....                   (no boots)
Stlth   +.........              (no amulet)
HPRegen 0.08/turn               d - ring of resist corrosion
MPRegen 0.08/turn               (no ring)

@: no status effects
A: no striking features
a: Renounce Religion, Sea of Fire, Foxfire Swarm, Rising Flame


You were on level 2 of the Dungeon.
You worshipped Ignis.
Ignis was extremely pleased with you.
You visited 1 branch of the dungeon, and saw 2 of its levels.

You collected 13 gold pieces.

Inventory:

Hand Weapons
 a - a -1 hand axe of flaming (weapon)
Armour
 b - a +0 robe
 e - a +0 leather armour (worn)
 g - a +0 helmet (worn)
Jewellery
 d - a ring of resist corrosion (left hand)
Scrolls
 c - a scroll of immolation {unknown}
 f - a scroll of noise {unknown}
 i - a scroll of identify {unknown}
 j - a scroll of vulnerability {unknown}
Potions
 h - a potion of curing {unknown}


   Skills:
 + Level 3.2 Fighting
 - Level 3.4 Axes
 + Level 0.1 Armour
 + Level 0.1 Dodging
 - Level 1.0 Spellcasting
 - Level 1.0 Fire Magic


You had 2 spell levels left.
You knew the following spells:

 Your Spells              Type           Power      Damage    Failure   Level
a - Foxfire               Conj/Fire      4%         2x1d4     28%         1

Your spell library contained the following spells:

 Spells                   Type           Power      Damage    Failure   Level


Dungeon Overview and Level Annotations

Branches:
Dungeon (2/15)

Altars:


Message History

No target in view!
No target in view!
No target in view!
No target in view!
Unknown command.
No target in view!
No target in view!
Unknown command.
No target in view!
Unknown command.
No target in view!
Unknown command.
No target in view!
Unknown command.
No target in view!
No target in view!
Unknown command.
No target in view!
Unknown command.
No target in view!
Unknown command.
No target in view!
No target in view!
Unknown command.
A kobold comes into view.
It is wielding a +2 short sword of distortion.
Found a stone staircase leading down.
You barely miss the kobold.
The kobold hits you with a +2 short sword of distortion.
Space bends around you.
You hit the kobold but do no damage. The kobold barely misses you.
You closely miss the kobold.
The kobold hits you with a +2 short sword of distortion.
Space bends around you.
You are too injured to fight recklessly!
You closely miss the kobold.
The kobold hits you with a +2 short sword of distortion.
* * * LOW HITPOINT WARNING * * *
Space warps horribly around you!
Ouch! That really hurt!
You die...

##.###.## #######)##
##.##########
.........###.##.........
#.###.##..#.###.........
#...........# #.........
#.###.##....###.........
#.##.#...†......:..>
#.##.....##.........
#.####..###.@....... #.#
#..# #..K...... #.# #..#
#......... .. #...
..........
...###......... ####
###....... .......
...####


You could see a kobold.

Vanquished Creatures
  An endoplasm (D:2)
  2 goblins (D:2)
  A hobgoblin (D:2)
  2 quokkas (D:2)
  A ball python (D:2)
  2 bats
  A kobold (D:2)
  A rat (D:2)
11 creatures vanquished.

Notes
Turn   | Place    | Note
-------+----------+-------------------------------------------
     0 | D:1      | McIrco the Human Cinder Acolyte began the quest for the
                  | Orb.
     0 | D:1      | Reached XP level 1. HP: 18/18 MP: 2/2
   340 | D:2      | Reached XP level 2. HP: 23/24 MP: 3/3
   800 | D:2      | Mangled by a kobold

Illustrated notes

Levels and vault maps discovered:
D:1:      lightli_arrival_quake, layout_basic,
          hellmonk_ecumenical_altar_lost_god
D:2:      layout_loops_ring, uniq_sigmund

Action                   || total
-------------------------++-------
Melee: Hand axe          ||    50
Armor: Robe              ||     9
       Leather armour    ||     7
Dodge: Dodged            ||    30

Table legend: (Time is in decaauts)
 A = Elapsed time spent in this place.
 B = Non-inter-level travel time spent in this place.
 C = Inter-level travel time spent in this place.
 D = Time resting spent in this place.
 E = Time spent auto-exploring this place.
 F = Levels seen in this place.
 G = Mean time per level.
                   A        B        C        D        E       F      G
               +--------+--------+--------+--------+--------+-----+--------+
         Total |    806 |    806 |      0 |      0 |    660 |   2 |  403.0 |
       Dungeon |    806 |    806 |      0 |      0 |    660 |   2 |  403.0 |
               +--------+--------+--------+--------+--------+-----+--------+

Top non-repeatable levels by time:
     D:2: 607 daAuts
     D:1: 199 daAuts
